 Dungeon Crawl Stone Soup version 0.29.1-13-g9f3cf754e1 (webtiles) character file.

Game seed: 3231790462013509305

36 croobank the Sneak (level 3, -2/26 HPs)
             Began as an Octopode Delver on Feb 11, 2023.
             Slain by an adder (4 damage)
             ... on level 4 of the Dungeon.
             The game lasted 00:01:48 (115 turns).

croobank the Sneak (Octopode Delver)                 Turns: 115, Time: 00:01:48

Health: -2/26      AC:  1    Str: 13    XL:     3   Next: 37%
Magic:  3/3        EV: 13    Int: 12    God:
Gold:   10         SH:  0    Dex: 13    Spells: 2/2 levels left

rFire   . . .      SeeInvis .   a - +0 hand axe
rCold   . . .      Faith    .   (no shield)
rNeg    . . .      Spirit   .   (helmet restricted)
rPois   .          Reflect  .   (no amulet)
rElec   .          Harm     .   (no ring)
rCorr   .          Rampage  .   (no ring)
Will    .....                   (no ring)
Stlth   ++++......              (no ring)
HPRegen 0.08/turn               (no ring)
MPRegen 0.08/turn               (no ring)
                                (no ring)
                                (no ring)

@: hasted, very quick
A: almost no armour, amphibious, 8 rings, camouflage 1, gelatinous body 1,
(nimble swimmer 1), tentacles
a: no special abilities


You were on level 4 of the Dungeon.
You visited 1 branch of the dungeon, and saw 3 of its levels.

You collected 10 gold pieces.

Inventory:

Hand Weapons
 a - a +0 hand axe (weapon)
 d - a +0 dagger
Wands
 f - a wand of digging (3)
Scrolls
 b - 2 scrolls of fog
 c - a scroll of magic mapping


   Skills:
 + Level 3.3 Fighting
 + Level 2.4 Axes
 + Level 2.4 Dodging
 + Level 7.0 Stealth


You had 2 spell levels left.
You didn't know any spells.
Your spell library was empty.

Dungeon Overview and Level Annotations

Branches:
Dungeon (6/15)             Temple (0/1) D:6

Altars:


Innate Abilities, Weirdness & Mutations

You cannot wear most types of armour.
You are amphibious.
You can wear up to eight rings at the same time.
Your skin changes colour to match your surroundings (Stealth+).
Your rubbery body absorbs attacks. (AC +1, EV +1)
((You are camouflaged when in or above water. (Stealth+)))
You have tentacles for arms and can constrict up to eight enemies at once.


Message History

You hit the goblin.
You kill the goblin!
Okay, then.
You feel yourself speed up. The hound bites you.
The jackal completely misses you. The hound closely misses you.
The hound attacks as you move away! The hound closely misses you.
As you read the scroll labelled WOLOVE PIDUS, it crumbles to dust.
It is a scroll of identify.
You don't have any unidentified items.
The hound misses you.
An adder comes into view.
You closely miss the hound. You grab the hound. You squeeze the hound!
The hound is heavily wounded.
You constrict the hound, but do no damage.
The hound completely misses you.
You hit the jackal. You grab the jackal. You squeeze the jackal.
You kill the jackal!
You barely miss the hound. You constrict the hound. The hound bites you.
You release your grip on the hound.
The jackal bites you. The hound barely misses you.
You hit the jackal. Your grab misses the jackal.
The jackal is lightly wounded.
You barely miss the hound. The jackal misses you. The hound bites you.
* * * LOW HITPOINT WARNING * * *
You aren't carrying any potions.
You hit the hound. Your grab misses the hound. You squeeze the hound.
You kill the hound!
You hit the jackal. The jackal misses you.
Your Stealth skill increases to level 7!
You have reached level 2!
You have reached level 3!
Your experience leads to an increase in your attributes!
Increase (S)trength, (I)ntelligence, or (D)exterity?
Uppercase letters only, please.
You feel stronger. x2
You hit the jackal.
You kill the jackal!
You closely miss the adder. Your grab misses the adder.
The adder barely misses you. The adder bites you.
You die...

###+#########.#
#.....#.......# #....
#.....)........ #....
##....S#....#### #....
#.+....@#..h.#
#....##..#.....#.......
#....#.. #.....#....###
#......#####.###......
###......................
.......>..†......#.......
.[..........##.#...###
.....######.##.......
##.# #.#####.....


You could see an adder.

Vanquished Creatures
  A hound (D:4)
  A goblin (D:4)
  2 jackals (D:4)
  A kobold (D:4)
5 creatures vanquished.

Notes
Turn   | Place    | Note
-------+----------+-------------------------------------------
     0 | D:5      | croobank the Octopode Delver began the quest for the Orb.
     0 | D:5      | Reached XP level 1. HP: 16/16 MP: 1/1
    20 | D:6      | Noticed an orc priest
    23 | D:6      | Found a staircase to the Ecumenical Temple.
    35 | D:6      | Noticed an ogre
    50 | D:5      | Noticed a hound
    65 | D:5      | Noticed a hound
    92 | D:4      | Noticed a hound
   113 | D:4      | Killed a hound
   114 | D:4      | Reached skill level 7 in Stealth
   114 | D:4      | Reached XP level 2. HP: 2/21 MP: 2/2
   114 | D:4      | Reached XP level 3. HP: 2/26 MP: 3/3
   115 | D:4      | Slain by an adder

Illustrated notes

Levels and vault maps discovered:
D:4:      layout_basic, nicolae_overflow_hidden_temple, uniq_edmund,
          uniq_blork_the_orc, uniq_sigmund
D:5:      layout_rooms
D:6:      lemuel_ice_spiral_2, layout_rooms, minmay_temple_entry_junction,
          gup_sewer_entry_spiral, hangedman_decor_points, uniq_pikel,
          uniq_duvessa, uniq_crazy_yiuf_cottage

Skill      XL: |  1 |
---------------+----+-----
Stealth        | 7 |  7.0
Fighting       | |  3.3
Axes           | |  2.4
Dodging        | |  2.4

Action                   || total
-------------------------++-------
Melee: Hand axe          ||    10
       Tentacles         ||     3
       Constrict         ||     2
  Use: Scroll            ||     2
       Potion            ||     1
 Stab: Sleeping          ||     1
Dodge: Dodged            ||    12
